Unix NetHack Version 5.0.0-0 post-release - last build May  4 2026 22:22:43 (774f63e81ad911689b3a0859ea89b322d5daca8d,branch:main).

Game began 2026-05-05 06:26:28, ended 2026-05-05 07:51:03.

01245990302, lawful male dwarven Caveman

       -------....---
       -..........(.|
       |..@f...d....-
       ----.-......|-
                ####
                 #####
                  #####
                   ####
                    #`##
                     * #
    -...              ##
   .....       ....----.-----
 |...[.        |.............
 |             .............|
               |...<........|
               |............|
               --------------

01245990302 the Aborigine  St:18/01 Dx:19 Co:11 In:8 Wi:10 Ch:7  Lawful
Dlvl:5  $:45 HP:0(40) Pw:12(12) AC:10 Xp:4 T:2975  Hungry  

Latest messages:
 Whammm!!
 You can't open anything -- you have no hands!
 In what direction? 8
 Whammm!!
 You can't open anything -- you have no hands!
 In what direction? 8
 As you kick the door, it crashes open!
 In what direction? 8
 You kick at empty space.
 You stop.  Slasher is in the way!
 You swap places with Slasher.
 You see here 9 rocks.
 You swap places with Slasher.
 You return to dwarven form!
 You turn into a werejackal!
 Use the command #monster to summon help.
 You swap places with Slasher.
 You swap places with your fox.
 You are beginning to feel hungry.
 You don't have anything to eat.
 You descend the stairs.
 The housecat bites!
 The housecat bites!
 You see here a statue of a jackal.
 The housecat bites!
 The housecat bites!
 You return to dwarven form!
 The housecat bites!
 You hit the housecat!
 The housecat bites!
 The housecat bites!
 You hit the housecat!
 The housecat bites!
 You hit the housecat!
 The housecat bites!
 The housecat bites!
 You hit the housecat!
 The housecat bites!
 You hit the housecat!
 The housecat bites!
 What do you want to throw? [$bh or ?*] h
 In what direction? 6
 The dwarvish spear misses the housecat.
 The housecat bites!
 You die...
 Do you want your possessions identified? [ynq] (y) y
 Do you want to see your attributes? [ynq] (y) y
 Do you want an account of creatures vanquished? [ynaq] (y) y
 Do you want to see your conduct and achievements? [ynq] (y) y
 Do you want to see the dungeon overview? [ynq] (y) y

Inventory:
 Coins    ('$')
  $ - 45 gold pieces
 Weapons  (')')
  b - a +2 sling (alternate weapon; not wielded)
 Tools    ('(')
  i - a cursed tallow candle
 Gems/Stones  ('*')
  g - an uncursed worthless piece of green glass
  j - a cursed worthless piece of violet glass
  m - a cursed luckstone
 Boulders/Statues  ('`')
  q - an empty uncursed statue of a leprechaun

01245990302 the Caveman's attributes:

Background:
 You were an Aborigine, a level 4 dwarven Caveman.
 You were lawful, nominally on a mission for Anu
 who was opposed by Ishtar (neutral) and Anshar (chaotic).
 You were right-handed.
 You were in the Dungeons of Doom, on level 5.
 You entered the dungeon 2975 turns ago.
 You had 102 experience points, 58 more were needed to attain level 5.

Basics:
 You had 0 out of 40 hit points.
 You had all 12 energy points (spell power).
 Your armor class was 10.
 Your wallet contained 45 zorkmids.
 Autopickup was off.

Final Characteristics:
 Your strength was 18/01 (limit:18/100).
 Your dexterity was 19 (limit:20).
 Your constitution was 11 (limit:20).
 Your intelligence was 8 (limit:16).
 Your wisdom was 10 (limit:16).
 Your charisma was 7 (limit:16).

Final Status:
 You were hungry.
 You were unencumbered.
 You were bare handed.
 You had basic skill with bare handed combat.
 You weren't wearing any armor.

Final Attributes:
 You were piously aligned.
 You were level-drain resistant.
 You had infravision.
 You were a werejackal.
 You were harmed by silver.
 You were unlucky.
 You had reduced luck.
 Bad luck did not time out for you.
 You are dead.

Miscellaneous:
 You encountered 1 bones level.
 Total elapsed playing time was 1 hour, 24 minutes and 33 seconds.

Major events:
 Turn
    1: 01245990302 the lawful dwarven Caveman entered the dungeon
 1424: attained the rank of Aborigine (level 3)
 2975: killed by a housecat

You didn't know any spells.

Skills:
 Fighting Skills
   bare handed combat [Basic]
 Weapon Skills
   dagger             [Unskilled]
   knife              [Unskilled]
   axe                [Unskilled]
   pick-axe           [Unskilled]
   club               [Basic]
   mace               [Unskilled]
   morning star       [Unskilled]
   flail              [Unskilled]
   hammer             [Unskilled]
   quarterstaff       [Unskilled]
   polearms           [Unskilled]
   spear              [Unskilled]
   trident            [Unskilled]
   bow                [Unskilled]
   sling              [Basic]
   boomerang          [Unskilled]
   unicorn horn       [Unskilled]
 Spellcasting Skills
   attack spells      [Unskilled]
   matter spells      [Unskilled]

Voluntary challenges:
 Character rerolling was not enabled.
 You were an atheist.
 You never genocided any monsters.
 You never polymorphed an object.
 You used no wishes.
Achievements:
 You attained the rank of Aborigine.
 You entered a shop.

 The Dungeons of Doom: levels 1 to 5
    Level 1:
       A fountain.
    Level 2:
    Level 3:
       A scroll shop.
    Level 4:
       A fountain.
    Level 5: <- You were here.
       Final resting place for
          you, killed by a housecat,
          Ackbladder-Val-Dwa-Fem-Law, killed by an Uruk-hai, while frozen by a floating eye's gaze.


Vanquished creatures:
  2 rock piercers
  a rock mole
  a shrieker
  2 orc zombies
  a werejackal
  3 iguanas
  a hobbit
  a manes
  a large kobold
  3 hobgoblins
  a giant rat
  a brown mold
  2 green molds
  a gecko
  6 jackals
  a fox
  a kobold
  2 goblins
  3 sewer rats
 10 grid bugs
  a bat
  4 lichens
  8 newts
57 creatures vanquished.

No species were genocided or became extinct.

Game over:
                       ----------
                      /          \
                     /    REST    \
                    /      IN      \
                   /     PEACE      \
                  /                  \
                  |   01245990302    |
                  |      45 Au       |
                  |   killed by a    |
                  |     housecat     |
                  |                  |
                  |                  |
                  |       2026       |
                 *|     *  *  *      | *
        _________)/\\_//(\/(/\)/\//\/|_)_______

Goodbye 01245990302 the Caveman...

You died in The Dungeons of Doom on dungeon level 5 with 649 points,
and 45 pieces of gold, after 2975 moves.
You were level 4 with a maximum of 40 hit points when you died.

